 Dungeon Crawl Stone Soup version 0.22-a0-601-gb0ed703 (webtiles) character file.

14672 sking99 the Martial Artist (level 11, -37/98 (99) HPs)
             Began as a Red Draconian Transmuter on July 6, 2018.
             Was an Elder of Qazlal.
             Annihilated by an enormous slime creature (77 damage)
             ... on level 11 of the Dungeon on July 7, 2018.
             The game lasted 00:37:15 (14761 turns).

sking99 the Martial Artist (DrTm)                  Turns: 14761, Time: 00:37:16

HP:   -37/98 (99)   AC: 11    Str: 13    XL:     11   Next: 91%
MP:   14/17         EV: 17    Int: 17    God:    Qazlal [****..]
Gold: 714           SH:  5    Dex: 14    Spells: 11/14 levels left

rFire    + . .     SeeInvis .     - Unarmed
rCold    . . .     Gourm    .   (no shield)
rNeg     . . .     Faith    .   (armour unavailable)
rPois    .         Spirit   .   (helmet restricted)
rElec    .         Reflect  .   f - +1 cloak {MR+}
rCorr    .         Harm     .   b - +1 pair of gloves
MR       ++...                  (no boots)
Stlth    +.........             z - amulet of regeneration
HPRegen  0.66/turn              F - ring of protection from magic
MPRegen  0.15/turn              x - +3 ring of intelligence

@: repel missiles
A: breathe fire, unfitting armour, fire resistance 1, cold-blooded, AC +7
a: Breathe Fire, Upheaval, Elemental Force, Renounce Religion


You were on level 11 of the Dungeon.
You worshipped Qazlal.
Qazlal was greatly pleased with you.
You were hungry.

You visited 1 branch of the dungeon, and saw 12 of its levels.
You also visited: Ossuary.

You collected 714 gold pieces.

Inventory:

Missiles
 a - 161 arrows (quivered)
 H - a throwing net
Armour
 b - a +1 pair of gloves (worn)
 f - a +1 cloak of magic resistance (worn)
 q - a +0 large shield
 w - a scarf of repulsion
 N - a +0 shield
Jewellery
 e - an uncursed ring of flight
 x - a +3 ring of intelligence (right hand)
 z - an amulet of regeneration (around neck)
 E - an uncursed ring of resist corrosion
 F - a ring of protection from magic (left hand)
 M - a +2 ring of dexterity {unknown}
Wands
 m - a wand of paralysis (31)
 p - a wand of disintegration (17)
 u - a wand of polymorph (27)
 B - a wand of iceblast (32)
Scrolls
 d - 2 scrolls of magic mapping
 k - 3 scrolls of immolation
 o - 7 scrolls of teleportation
 t - a scroll of amnesia
 v - 3 scrolls of remove curse
 y - a scroll of silence
 G - a scroll of enchant armour
 K - a scroll of fog
 L - a scroll of vulnerability
Potions
 g - 2 potions of agility
 h - 2 potions of brilliance
 i - 6 potions of flight
 j - a potion of magic
 l - a potion of mutation {unknown}
 n - a potion of cancellation {unknown}
 r - 3 potions of curing
 s - 2 potions of lignification
 A - 2 potions of resistance
 C - a potion of haste {unknown}
 D - 3 potions of might {unknown}
Comestibles
 c - 17 rations


   Skills:
 + Level 10.1 Fighting
 + Level 8.4 Dodging
 * Level 11.6 Unarmed Combat
 - Level 2.0 Spellcasting
 - Level 5.0 Transmutations
 * Level 9.0 Invocations


You had 11 spell levels left.
You knew the following spells:

 Your Spells              Type           Power        Failure   Level  Hunger
a - Beastly Appendage     Tmut           ###...       2%          1    #......
b - Sticks to Snakes      Tmut           ###.....     3%          2    ###....

Your spell library contained the following spells:

 Spells                   Type           Power        Failure   Level  Hunger
 Cause Fear               Hex            #.........   88%         4    #####..
 Magic Dart               Conj           #...         19%         1    #......
 Conjure Flame            Conj/Fire      #.......     50%         3    ###....
 Slow                     Hex            #.......     28%         2    ###....
 Freezing Cloud           Conj/Ice/Air   #.........   100%        6    #######
 Mephitic Cloud           Conj/Pois/Air  #.......     50%         3    ###....
 Ring of Flames           Chrm/Fire      #.........   100%        7    #######
 Blink                    Tloc           N/A          28%         2    ###....
 Call Imp                 Summ           #.......     28%         2    ###....
 Spider Form              Tmut/Pois      ##........   21%         3    ###....
 Blade Hands              Tmut           ###.......   56%         5    ######.
 Ice Form                 Ice/Tmut       ##......     56%         4    #####..
 Corona                   Hex            #......      19%         1    #......
 Portal Projectile        Hex/Tloc       #.....       50%         3    ###....
 Leda's Liquefaction      Hex/Erth       #.........   88%         4    #####..
 Inner Flame              Hex/Fire       #.......     50%         3    ###....
 Poisonous Vapours        Pois/Air       #.....       28%         2    ###....


Dungeon Overview and Level Annotations

Branches:
Dungeon (12/15)            Temple (0/1) D:4            Lair (0/6) D:9
    Orc: D:9-12

Altars:
Dithmenos
Fedhas
Hepliaklqana
Kikubaaqudgha
Makhleb
Nemelex Xobeh
Qazlal
Ru
Sif Muna
Trog
Vehumet
Wu Jian
Xom
Zin

Annotations:
D:4 1 runed door, gmonis's ghost, amateur MiBe
D:5 3 runed doors, exclusion: oklob plant, HydraWiggins's ghost, amateur GnVM


Innate Abilities, Weirdness & Mutations

You can breathe blasts of fire.
Your fiery red scales are hard. (AC +7)
You cannot fit into any form of body armour.
Your flesh is heat resistant. (rF+)
You are cold-blooded and may be slowed by cold attacks.


Message History

Press: ? - help, Dir - move target cursor, f - enormous slime creature
Aim: an enormous slime creature (lightly wounded)
The ground shakes violently, spewing rubble!
The blast of rubble hits the enormous slime creature.
The enormous slime creature is moderately wounded.
You completely miss the enormous slime creature.
You tail-slap the enormous slime creature.
The enormous slime creature is moderately wounded.
You barely miss the enormous slime creature.
Your punch misses the enormous slime creature.
The enormous slime creature is moderately wounded.
The enormous slime creature hits you!
You barely miss the enormous slime creature.
The enormous slime creature is moderately wounded.
The enormous slime creature hits you!!!
Ouch! That really hurt!
The enormous slime creature is engulfed in freezing vapours.
The enormous slime creature hits you!!!!
Ouch! That really hurt!
You die...

######## #####.@....#
##...#J####.#
#....§......#
#...§.§..#..#
#......#.#..###########
##....§#..............#
##.#.......#########.#
###.#.####.## #.#
#..........# #.#


You could see an enormous slime creature.

Vanquished Creatures
  Josephine (D:10)
  A hydra (D:11)
  5 two-headed ogres
  A manticore (D:11)
  A troll (D:11)
  Grinder (D:5)
  A slime creature (D:11)
  3 hippogriffs
  4 wraiths (D:10)
  A wyvern (D:10)
  7 yaks
  A vampire (D:10)
  A hungry ghost (D:12)
  Menkaure (D:4)
  Edmund (D:6)
  A porcupine (D:8)
  3 orc warriors
  6 sky beasts
  2 black bears (D:8)
  2 ice beasts
  4 ogres
  2 phantoms
  A necrophage (D:10)
  3 centaurs
  2 big kobolds
  18 bullfrogs
  2 scorpions
  11 killer bees
  12 wights
  An electric eel (D:6)
  3 howler monkeys (D:11)
  5 crimson imps
  A bullfrog zombie (D:8)
  2 centaur zombies
  5 hounds
  3 jellies
  2 human zombies (Ossuary)
  3 orc priests
  Crazy Yiuf (D:2)
  3 iguanas
  11 orc wizards
  12 worker ants
  A hound zombie (D:9)
  A hound skeleton (D:4)
  5 mummies (Ossuary)
  A worker ant zombie (D:5)
  19 adders
  8 gnolls
  An adder skeleton (D:4)
  3 worms
  3 dart slugs
  A leopard gecko (D:9)
  45 orcs
  7 goblins
  7 hobgoblins
  11 jackals
  6 quokkas
  3 ball pythons
  A ball python zombie (D:6)
  6 bats
  7 frilled lizards
  3 gnoll zombies (Ossuary)
  A goblin zombie (Ossuary)
  A hobgoblin zombie (Ossuary)
  17 kobolds
  A leopard gecko skeleton (D:4)
  A quokka zombie (D:8)
  5 rats
  A fungus (D:2)
317 creatures vanquished.

Vanquished Creatures (collateral kills)
  An ogre (D:6)
  A bullfrog (D:7)
  An orc wizard (D:6)
  Ijyb (D:4)
4 creatures vanquished.

Vanquished Creatures (others)
  An orc wizard (D:11)
  8 fungi (D:9)
  3 plants (D:9)
12 creatures vanquished.

Grand Total: 333 creatures vanquished

Notes
Turn   | Place    | Note
-------+----------+-------------------------------------------
     0 | D:1      | sking99 the Draconian Transmuter began the quest for the Orb.
     0 | D:1      | Reached XP level 1. HP: 16/16 MP: 3/3
    73 | D:1      | Reached XP level 2. HP: 5/23 MP: 5/5
   464 | D:1      | You fall through a shaft!
   464 | D:2      | Found a stormy altar of Qazlal.
   481 | D:2      | Became a worshipper of Qazlal Stormbringer
   794 | D:3      | Reached XP level 3. HP: 23/29 MP: 6/6
  1096 | D:2      | Learned a level 2 spell: Sticks to Snakes
  1237 | D:2      | Found a runed door.
  1330 | D:1      | Reached skill level 4 in Unarmed Combat
  2093 | D:2      | Reached XP level 4. HP: 34/36 MP: 5/7
  2107 | D:2      | Reached * piety under Qazlal
  3133 | D:2      | Noticed Crazy Yiuf
  3145 | D:2      | Killed Crazy Yiuf
  3145 | D:2      | Reached XP level 5. HP: 26/42 MP: 4/8
  3554 | D:3      | Found a sparkling altar of Nemelex Xobeh.
  3716 | D:3      | Found an ornate altar of the Wu Jian Council.
  3878 | D:4      | Found a bloodstained altar of Trog.
  3952 | D:4      | Reached skill level 5 in Unarmed Combat
  3954 | D:4      | Found a runed door.
  3961 | D:4      | Noticed gmonis's ghost (amateur MiBe)
  4014 | D:4      | Found a staircase to the Ecumenical Temple.
  4067 | D:4      | Reached ** piety under Qazlal
  4067 | D:4      | Reached XP level 6. HP: 32/50 MP: 9/9
  4279 | D:4      | Noticed Menkaure
  4294 | D:4      | Killed Menkaure
  4310 | D:4      | Reached skill level 6 in Unarmed Combat
  4310 | D:4      | Reached skill level 5 in Transmutations
  4573 | D:4      | Noticed Ijyb
  4593 | D:4      | Killed Ijyb
  4593 | D:4      | Your scales start taking on a fiery red colour.
  4593 | D:4      | Reached XP level 7. HP: 56/56 MP: 7/10
  4593 | D:4      | Gained mutation: Your flesh is heat resistant. (rF+) [Red Draconian growth]
  5142 | D:5      | Entered Level 5 of the Dungeon
  5246 | D:5      | Found a runed gate.
  5246 | D:5      | Found a runed gate.
  5246 | D:5      | Found a runed gate.
  5270 | D:5      | Noticed HydraWiggins's ghost (amateur GnVM)
  5430 | D:5      | Reached skill level 1 in Invocations
  5725 | D:5      | Found a blossoming altar of Fedhas.
  5737 | D:5      | Noticed an oklob plant
  6033 | D:5      | Noticed Grinder
  6033 | D:5      | Paralysed by Grinder for 6 turns
  6052 | D:5      | Killed Grinder
  6207 | D:5      | Reached skill level 7 in Unarmed Combat
  6207 | D:5      | Reached XP level 8. HP: 17/66 MP: 11/11
  7032 | D:6      | Found a hazy altar of Hepliaklqana.
  7393 | D:6      | Found a blossoming altar of Fedhas.
  7400 | D:6      | Found a deep blue altar of Sif Muna.
  7407 | D:6      | Found a shadowy altar of Dithmenos.
  7414 | D:6      | Found a bloodstained altar of Trog.
  7421 | D:6      | Found a burning altar of Makhleb.
  7426 | D:6      | Found an ancient bone altar of Kikubaaqudgha.
  7437 | D:6      | Found a glowing silver altar of Zin.
  7535 | D:6      | Reached skill level 5 in Fighting
  7538 | D:6      | Found a hazy altar of Hepliaklqana.
  7612 | D:6      | Noticed Edmund
  7644 | D:6      | Killed Edmund
  7951 | D:6      | Found a radiant altar of Vehumet.
  8180 | D:6      | Reached *** piety under Qazlal
  8307 | D:6      | Found a sacrificial altar of Ru.
  8307 | D:6      | Found a bloodstained altar of Trog.
  8309 | D:6      | Found a deep blue altar of Sif Muna.
  8309 | D:6      | Found a shimmering altar of Xom.
  8309 | D:6      | Found a sparkling altar of Nemelex Xobeh.
  8374 | D:7      | Noticed a hippogriff
  8395 | D:6      | Killed a hippogriff
  8395 | D:6      | Reached skill level 8 in Unarmed Combat
  8395 | D:6      | Reached XP level 9. HP: 23/75 MP: 8/12
  8688 | D:6      | Reached skill level 5 in Dodging
  8976 | D:7      | Found a sand-covered staircase.
  8982 | Ossuary  | Entered an ossuary
 10335 | D:8      | Noticed a two-headed ogre
 10350 | D:8      | Killed a two-headed ogre
 10350 | D:8      | Reached skill level 9 in Unarmed Combat
 10650 | D:7      | Reached XP level 10. HP: 68/86 MP: 13/13
 10690 | D:8      | Reached **** piety under Qazlal
 10691 | D:8      | Noticed a two-headed ogre
 10705 | D:8      | HP: 3/86 [two-headed ogre/giant club (9)]
 10713 | D:8      | Killed a two-headed ogre
 10713 | D:8      | Reached skill level 5 in Invocations
 11937 | D:9      | Found a staircase to the Lair.
 12168 | D:9      | Reached skill level 10 in Unarmed Combat
 12746 | D:9      | You fall through a shaft for 3 floors!
 12779 | D:12     | Paralysed by fainting for 12 turns
 12849 | D:11     | Reached ***** piety under Qazlal
 12854 | D:11     | Noticed a manticore
 12854 | D:11     | Noticed a two-headed ogre
 12871 | D:11     | Killed a two-headed ogre
 12871 | D:11     | Reached XP level 11. HP: 67/97 MP: 5/15
 12897 | D:11     | Noticed a two-headed ogre
 12916 | D:11     | Killed a two-headed ogre
 12916 | D:11     | Noticed a four-headed hydra
 12932 | D:11     | Killed a four-headed hydra
 12955 | D:11     | HP: 4/97 [bullfrog (5)]
 13177 | D:10     | Entered Level 10 of the Dungeon
 13213 | D:10     | Noticed a two-headed ogre
 13217 | D:10     | Killed a two-headed ogre
 13217 | D:10     | Reached skill level 11 in Unarmed Combat
 13804 | D:10     | Noticed Josephine
 13825 | D:10     | Killed Josephine
 13825 | D:10     | Reached skill level 10 in Fighting
 14761 | D:11     | Annihilated by an enormous slime creature

Vault maps used:
D:1:      lemuel_arrival_funnel, minivault_25
D:2:      nicolae_overflow_hidden_temple, first_ration,
          minmay_gold_behind_fungi, kennysheep_generic_room_16,
          uniq_crazy_yiuf_cottage
D:3:      overflow_temple_1_default, lemuel_doored_altar
D:4:      kennysheep_six_static_rooms, minmay_temple_entry_statues_pillars,
          ebering_ghost_sewer_d, bloody_trog, uniq_menkaure, uniq_ijyb
D:5:      lemuel_ice_spiral_2, ebering_ghost_rock_garden, supply_closet_lemuel,
          tgw_fedhas, uniq_grinder
D:6:      old_standard_altar, doesnt_xom_only_xom,
          grunt_temple_overflow_octagram, marbit_many_paths, water_boxes_lemuel,
          uniq_edmund
D:7:      lightli_ossuary_entry_decrepit_ruins, nicolae_underground_beach
D:8:      kennysheep_generic_room_5
D:9:      due_lair_maze_entry_diamond, wad_floor_pattern_untrapped
D:10:     uniq_josephine
D:11:     orc_0_dummy
D:12:     regret_index_combs_of_tragedy, grunt_tengu_nest
Ossuary:  ossuary_crypta

Skill      XL: |  1  2  3  4  5  6  7  8  9 10 11 |
---------------+----------------------------------+-----
Fighting       | 2 4 5 7 9 10 | 10.1
Unarmed Combat | 4 5 6 7 8 9 10 11 | 11.6
Transmutations | 3 4 5 |  5.0
Dodging        | 3 4 6 7 8 |  8.4
Invocations    | 1 3 4 6 9 |  9.0
Spellcasting   | |  2.0

Action                   |  1- 3 |  4- 6 |  7- 9 | 10-12 || total
-------------------------+-------+-------+-------+-------++-------
Melee: Unarmed           |   175 |   196 |   530 |   554 ||  1455
       Kick              |     8 |    11 |    12 |    14 ||    45
       Tailslap          |    15 |    16 |    72 |    95 ||   198
       Headbutt          |     1 |     6 |     6 |     3 ||    16
       Punch             |     1 |     3 |    20 |    24 ||    48
 Cast: Beastly Appendage |     9 |    12 |    11 |     5 ||    37
       Sticks to Snakes  |       |     8 |    29 |    11 ||    48
Invok: Upheaval          |       |     1 |     3 |    11 ||    15
 Abil: Breathe Fire      |       |       |     5 |    12 ||    17
  Use: Scroll            |       |    11 |    11 |     3 ||    25
       Potion            |       |       |     4 |     4 ||     8
 Stab: Sleeping          |     2 |       |       |       ||     2
       Distracted        |       |       |     1 |     2 ||     3
  Eat: Chunk             |     4 |     5 |    19 |    17 ||    45
       Ration            |       |     1 |     1 |     1 ||     3
Armor: Skin              |    87 |    53 |    98 |   125 ||   363
Dodge: Dodged            |   121 |   100 |   258 |   398 ||   877
       Deflected         |       |     1 |     4 |    10 ||    15
Block: Other             |       |     5 |    61 |   120 ||   186

Table legend:
 A = Spawn XP
 B = Non-spawn XP
 C = Spawn XP percentage of total XP
 D = Spawn monster count
 E = Non-spawn monster count
 F = Spawn count percentage of total count
 G = Total turns spent on level
                    A         B        C        D         E        F      G
               +---------+---------+-------+---------+---------+-------+---------
         Total |       0 |   20961 |   0.0 |       0 |     321 |   0.0 | 14761
               +---------+---------+-------+---------+---------+-------+---------
           D:1 |       0 |      32 |   0.0 |       0 |      19 |   0.0 |  1211
           D:2 |       0 |     137 |   0.0 |       0 |      27 |   0.0 |  1649
           D:3 |       0 |      50 |   0.0 |       0 |      21 |   0.0 |  1017
           D:4 |       0 |     586 |   0.0 |       0 |      19 |   0.0 |  1265
           D:5 |       0 |     916 |   0.0 |       0 |      23 |   0.0 |  1868
           D:6 |       0 |    1578 |   0.0 |       0 |      33 |   0.0 |  1856
           D:7 |       0 |     765 |   0.0 |       0 |      25 |   0.0 |  1144
           D:8 |       0 |    3860 |   0.0 |       0 |      42 |   0.0 |  1524
           D:9 |       0 |    1624 |   0.0 |       0 |      25 |   0.0 |   771
          D:10 |       0 |    4869 |   0.0 |       0 |      33 |   0.0 |   952
          D:11 |       0 |    6071 |   0.0 |       0 |      39 |   0.0 |   882
          D:12 |       0 |     250 |   0.0 |       0 |       2 |   0.0 |    75
       Ossuary |       0 |     223 |   0.0 |       0 |      13 |   0.0 |   547
               +---------+---------+-------+---------+---------+-------+---------
